 Dungeon Crawl Stone Soup version 0.16-a0-3160-g1f26642 (console) character file.

1155 vogonpoet the Cleaver (level 8, -1/64 HPs)
             Began as a Hill Orc Berserker on Dec 16, 2014.
             Was a Believer of Trog.
             Slain by a phantom (5 damage)
             ... on level 4 of the Dungeon.
             The game lasted 00:08:28 (3712 turns).

vogonpoet the Cleaver (Hill Orc Berserker)          Turns: 3712, Time: 00:08:28

Health: -1/64      AC: 13    Str: 21    XL:     8   Next: 39%
Magic:  8/8        EV:  6    Int:  7    God:    Trog [**....]
Gold:   245        SH:  0    Dex: 11    Spells: 0 memorised, 7 levels left

rFire  . . .     SeeInvis .     D - +0 battleaxe
rCold  . . .     Clarity  .     v - +0 plate armour
rNeg   . . .     SustAb   .     (no shield)
rPois  .         Gourm    .     (no helmet)
rElec  .         Spirit   .     e - +0 cloak
rCorr  .         Warding  .     (no gloves)
rMut   .         Stasis   .     (no boots)
MR     .....                    (no amulet)
Stlth  ..........               (no ring)
                                (no ring)

@: lethally poisoned, exhausted, slowed, very slow, not resistant to hostile
enchantments, extremely unstealthy
A: no striking features
a: Burn Spellbooks, Berserk, Trog's Hand, Renounce Religion


You were on level 4 of the Dungeon.
You worshipped Trog.
Trog was pleased with you.
You were very hungry.

You visited 1 branch of the dungeon, and saw 4 of its levels.

You collected 245 gold pieces.

Inventory:

Hand weapons
 a - a +0 hand axe
 n - a +0 hunting sling
 t - a +2 whip of flaming
 y - a +0 war axe
 D - a +0 battleaxe (weapon)
 G - a +2 dagger of pain
Missiles
 B - 14 poisoned needles
Armour
 b - a +0 animal skin
 e - a +0 cloak (worn)
 l - a +0 leather armour
 v - a +0 plate armour (worn)
Jewellery
 E - an uncursed ring of sustain abilities {unknown}
Scrolls
 f - 2 scrolls of enchant armour {unknown}
 i - a scroll of remove curse {unknown}
 j - 2 scrolls of amnesia {unknown}
 m - 9 scrolls of identify {unknown}
 p - 2 scrolls of immolation {unknown}
 x - a scroll of fear {unknown}
 F - a scroll of teleportation {unknown}
 H - a scroll of enchant weapon {unknown}
Potions
 d - a potion of agility {unknown}
 h - a potion of resistance {unknown}
 o - a potion of might {unknown}
 q - a potion of cancellation {unknown}
 r - a potion of magic {unknown}
 s - a potion of poison {unknown}
 u - a potion of mutation {unknown}
 C - a potion of heal wounds {unknown}
 I - a potion of haste {unknown}
Miscellaneous
 g - a plain deck of defence
Comestibles
 c - 2 meat rations
 k - 3 bread rations
 w - 3 fruits
 z - a slice of pizza
 A - a beef jerky


   Skills:
 - Level 3.6 Fighting
 + Level 11.7 Axes
 + Level 5.1 Armour
 - Level 1.5 Dodging


You had 7 spell levels left.
You didn't know any spells.

Dungeon Overview and Level Annotations

Branches:
Dungeon (4/15)
 Temple: D:4-7

Altars:
Nemelex Xobeh


Message History

The phantom hits you but does no damage.
Your plate armour prevents you from hitting the phantom.
The phantom is severely damaged.
The phantom hits you but does no damage.
You barely miss the phantom.
The phantom is severely damaged.
You feel sick.
The phantom hits you but does no damage.
The phantom barely misses you.
You closely miss the phantom.
The phantom is severely damaged.
The phantom blinks!
You feel sick. The phantom hits you.
* * * LOW HITPOINT WARNING * * *
The phantom blinks!
There is a stone staircase leading down here.
You hit the phantom but do no damage.
The phantom is severely damaged.
The phantom hits you.
You die...

.#.#.#
###.#....############.#
.#.#.. ##.#............
...### #.....#.########
#### #....h..# #
#.###.#.# # . ##>#'## #
#.....# #..)..# #..W@.#
#.....####...
####.........
....#####...####.#
.......†)†..#
...######...# ###.# ...
.#...


You could see a phantom and a jackal (wandering).

Vanquished Creatures
  Pikel (D:4)
  A phantom (D:4)
  3 slaves (D:4)
  An ogre (D:4)
  A scorpion (D:4)
  Duvessa (D:4)
  A giant frog (D:4)
  Blork the orc (D:4)
  Dowan (D:4)
  A centaur skeleton (D:4)
  2 worker ants (D:4)
  4 adders
  2 giant mites
  2 worms
  4 giant geckos
  5 oozes
  An orc (D:3)
  3 giant cockroaches
  7 goblins
  5 hobgoblins
  5 jackals
  6 kobolds
  5 bats
  2 giant newts
  A jackal skeleton (D:4)
  A quokka (D:4)
  9 rats
76 creatures vanquished.

Vanquished Creatures (others)
  A slave (D:4)
  An orc (D:4)
2 creatures vanquished.

Grand Total: 78 creatures vanquished

Notes
Turn   | Place    | Note
--------------------------------------------------------------
     0 | D:1      | vogonpoet, the Hill Orc Berserker, began the quest for the Orb.
     0 | D:1      | Reached XP level 1. HP: 19/19 MP: 1/1
     0 | D:1      | Noticed a shadow dragon
     1 | D:1      | Noticed an orb of fire
     3 | D:1      | Noticed an ice dragon
     6 | D:1      | Noticed an iron dragon
     8 | D:1      | Noticed an orb of fire
    10 | D:1      | Noticed a shadow dragon
    10 | D:1      | Noticed an iron dragon
    12 | D:1      | Noticed a golden dragon
    12 | D:1      | Noticed an ice dragon
    14 | D:1      | Noticed an orb of fire
    16 | D:1      | Noticed an iron dragon
    16 | D:1      | Noticed a tentacled monstrosity
    18 | D:1      | Noticed a large abomination
    19 | D:1      | Noticed an orb of fire
   252 | D:1      | Reached XP level 2. HP: 23/26 MP: 2/2
   285 | D:1      | Found a sparkling altar of Nemelex Xobeh.
   746 | D:1      | Reached skill level 5 in Axes
   909 | D:2      | Reached XP level 3. HP: 16/31 MP: 3/3
  1276 | D:2      | Acquired Trog's second power
  1309 | D:2      | Reached skill level 6 in Axes
  1356 | D:2      | Reached XP level 4. HP: 20/39 MP: 4/4
  2469 | D:3      | Reached skill level 7 in Axes
  2686 | D:4      | Noticed a giant frog
  2692 | D:4      | Killed a giant frog
  2692 | D:4      | Reached XP level 5. HP: 45/45 MP: 5/5
  2712 | D:4      | Noticed a slave
  2768 | D:4      | Noticed a slave
  2788 | D:4      | Killed a slave
  2796 | D:4      | Killed a slave
  2898 | D:4      | Noticed a slave
  2903 | D:4      | Noticed a slave
  2912 | D:4      | Noticed Pikel
  2925 | D:4      | Killed a slave
  2935 | D:4      | Killed Pikel
  2935 | D:4      | Reached skill level 10 in Axes
  2935 | D:4      | Reached XP level 6. HP: 27/51 MP: 6/6
  2935 | D:4      | Reached XP level 7. HP: 30/57 MP: 7/7
  3117 | D:4      | Noticed Blork the orc
  3129 | D:4      | Killed Blork the orc
  3130 | D:4      | Noticed an ogre
  3139 | D:4      | Killed an ogre
  3153 | D:4      | Reached skill level 11 in Axes
  3318 | D:4      | Reached XP level 8. HP: 23/64 MP: 8/8
  3436 | D:4      | Killed a freed slave
  3528 | D:4      | Noticed a phantom
  3557 | D:4      | Killed a phantom
  3672 | D:4      | Noticed Duvessa
  3672 | D:4      | Noticed Dowan
  3675 | D:4      | Noticed a phantom
  3682 | D:4      | Killed Duvessa
  3683 | D:4      | Reached skill level 5 in Armour
  3697 | D:4      | Killed Dowan
  3712 | D:4      | Slain by a phantom

Action                   |  1- 3 |  4- 6 |  7- 9 || total
-------------------------+-------+-------+-------++-------
Melee: Hand axe          |   100 |    32 |       ||   132
       War axe           |       |    83 |    20 ||   103
       Battleaxe         |       |       |    84 ||    84
Invok: Berserk           |       |     2 |     2 ||     4
       Trog's Hand       |       |     1 |       ||     1
 Stab: Sleeping          |     1 |       |       ||     1
  Eat: Chunk             |     1 |     6 |     5 ||    12
